 Dungeon Crawl Stone Soup version 0.21-a0-476-gd103f4b (webtiles) character file.

144081 kiturien the Peltast (level 16, -1/152 HPs)
             Began as a Minotaur Fighter on Nov 21, 2017.
             Was the Champion of Wu Jian.
             Shot with an arrow by something (25 damage)
             ... on level 3 of the Elven Halls on Nov 22, 2017.
             The game lasted 01:40:15 (24462 turns).

kiturien the Peltast (Minotaur Fighter)            Turns: 24462, Time: 01:40:16

Health: -1/152     AC: 22    Str: 36    XL:     16   Next: 84%
Magic:  15/15      EV: 17    Int:  5    God:    Wu Jian [******]
Gold:   1815       SH: 23    Dex: 13    Spells: 15/15 levels left

rFire    + . .     SeeInvis .   b - +10 long sword "Cosus" {flame, MR+ Str+3}
rCold    + . .     Gourm    +   m - +0 large shield
rNeg     . . .     Faith    .   J - +2 scale mail of Nihilism {rF+ Str+3}
rPois    .         Spirit   .   O - +1 hat
rElec    .         Reflect  .   Y - +1 cloak
rCorr    .         Harm     .   D - +0 pair of gloves
MR       ++...                  (no boots)
Stlth    ..........             R - amulet of the gourmand
HPRegen  0.35/turn              n - +5 ring of protection
MPRegen  0.14/turn              y - +5 ring of dexterity

@: drained
A: retaliatory headbutt, fangs 1, hooves 1, horns 2, blurry vision 1, clumsy 1,
cold resistance 1, strong 1, wild magic 2
a: Serpent's Lash, Heavenly Storm, Renounce Religion


You were on level 3 of the Elven Halls.
You worshipped Wu Jian.
Wu Jian was exalted by your worship.
You were completely stuffed.

You visited 5 branches of the dungeon, and saw 23 of its levels.
You visited the Abyss 3 times.

You collected 2567 gold pieces.
You spent 752 gold pieces at shops.

Inventory:

Hand Weapons
 b - the +10 long sword "Cosus" (weapon) {flame, MR+ Str+3}
   (You bought it in a shop on level 4 of the Dungeon)

   It has been specially enchanted to burn those struck by it, causing extra
   injury to most foes and up to half again as much damage against particularly
   susceptible opponents.
   Big, fiery blades are also staple armaments of hydra-hunters.
   It affects your strength (+3).
   It affects your resistance to hostile enchantments.
 h - a +1 long sword of freezing
 V - a +4 long sword of holy wrath
 X - a +0 scimitar of protection
Armour
 c - a +1 shield
 m - a +0 large shield (worn)
 D - a +0 pair of gloves (worn)
 H - a +0 plate armour
 J - the +2 scale mail of Nihilism (worn) {rF+ Str+3}
   (You found it on level 10 of the Dungeon)

   It affects your strength (+3).
   It protects you from fire.
 O - a +1 hat (worn)
 Y - a +1 cloak (worn)
Jewellery
 e - an uncursed amulet of regeneration
 n - a +5 ring of protection (left hand)
 y - a +5 ring of dexterity (right hand)
 R - an amulet of the gourmand (around neck)
 S - an uncursed ring of fire
Wands
 A - a wand of disintegration (21)
 E - a wand of flame (65)
 P - a wand of digging (10)
 Q - a wand of enslavement (16)
Scrolls
 j - 3 scrolls of magic mapping
 o - 3 scrolls of enchant armour
 p - a scroll of silence
 q - 12 scrolls of remove curse
 t - 11 scrolls of identify
 v - 3 scrolls of fear
 w - 4 scrolls of blinking
 x - 8 scrolls of teleportation
 z - 4 scrolls of enchant weapon
 L - 2 scrolls of holy word
 N - a scroll of immolation
Potions
 d - 2 potions of might
 g - 5 potions of curing
 r - a potion of flight
 B - a potion of haste
 K - 3 potions of berserk rage
Comestibles
 f - 16 bread rations
 i - 40 fruits
 k - 24 royal jellies
 l - 10 meat rations


   Skills:
 * Level 16.5(16.0) Fighting
 * Level 15.9(15.4) Long Blades
 * Level 16.0(15.5) Armour
 * Level 14.5(14.1) Dodging
 * Level 16.6(16.1) Shields


You had 15 spell levels left.
You didn't know any spells.

Dungeon Overview and Level Annotations

Branches:
Dungeon (11/15)            Temple (1/1) D:4            Lair (6/6) D:8
 Shoals (0/4) Lair:2       Spider (0/4) Lair:3        Slime (0/5) Lair:5
    Orc (2/2) D:10            Elf (3/3) Orc:2

Altars:
Ashenzari
Cheibriados
Dithmenos
Elyvilon
Fedhas
Gozag
Hepliaklqana
Kikubaaqudgha
Makhleb
Nemelex Xobeh
Okawaru
Qazlal
Ru
Sif Muna
Trog
Uskayaw
Vehumet
Wu Jian
Xom
Yredelemnul
Zin
The Shining One
Beogh

Shops:
D:4 [(   Orc:1 (   Orc:2 :}!(   Elf:2 *   Elf:3 !!!

Annotations:
D:11 Zeege's ghost, novice MfSk


Innate Abilities, Weirdness & Mutations

You reflexively headbutt those who attack you in melee.
You have a pair of horns on your head.
You have very sharp teeth.
You have large cloven feet.
Scrolls take you a little longer to read.
You are clumsy. (Dex -2)
Your flesh is cold resistant. (rC+)
Your muscles are strong. (Str +2)
Your spells are harder to cast, but more powerful.


Message History

The Council accepts your kill.
You spin and attack the deep elf death mage repeatedly.
You slash the deep elf death mage! You burn the deep elf death mage!
The deep elf death mage is heavily wounded.
You miss the deep elf death mage.
Your headbutt misses the deep elf death mage.
The deep elf death mage is heavily wounded.
You block the deep elf death mage's attack.
You spin and attack the deep elf death mage repeatedly.
You closely miss the deep elf death mage.
You kick the deep elf death mage!
Your headbutt misses the deep elf death mage.
The deep elf death mage is heavily wounded.
You slash the deep elf death mage! You burn the deep elf death mage.
Your kick misses the deep elf death mage.
Your headbutt misses the deep elf death mage.
The deep elf death mage is severely wounded.
You hear a loud twanging sound.
An arrow appears from out of thin air!
The arrow hits you!!
You die...

....'.........#
##...#
#####.........#
#....### #.........#
#..[.).##
##.......##
#...(...# ##'.....##
##..()..# ##.#######
#####(##### #.##
###...(.....###
##^##
###e............#
##.#
##.(@{((.../.......
#'##
##.)(((####..###....
.## ##..(.#.# ...#
#.. ..## #...#####
.[.... # .<.# #.)(#
........ ..## #....#
........... .##
#......%e.....§.....
## #........e.
..§.... #
#...........


You could see a deep elf death mage (pinned).

Vanquished Creatures
  Jorgrun (Elf:3)
  Rupert (Lair:6)
  3 deep elf blademasters
  A lich (Abyss:3)
  4 sphinxes (Elf:3)
  2 deep elf master archers (Elf:3)
  Frances (Elf:1)
  Gastronok (Lair:1)
  Louise (Elf:3)
  2 deep elf elementalists (Elf:3)
  2 deep elf sorcerers
  A stone giant (Orc:2)
  Nessos (Lair:6)
  4 deep elf demonologists (Elf:3)
  6 deep elf annihilators
  3 deep elf high priests (Elf:3)
  3 fire dragons
  A deep elf death mage (Elf:3)
  2 ogre magi (Orc:2)
  5 hydras
  2 catoblepae
  2 two-headed ogres
  19 dancing weapons
  A death yak (Lair:5)
  13 deep elf knights
  A wretched star (Abyss:3)
  A thrashing horror (Abyss:3)
  Sonja (D:10)
  13 deep elf archers
  The ghost of cirnu the Grappler, a novice TrMo (D:6)
  A lindwurm (Lair:6)
  An orc knight (Orc:2)
  52 deep elf magi
  A large abomination (Abyss:3)
  3 manticores (Elf:3)
  9 orc sorcerers (Orc:2)
  An oklob plant (Lair:6)
  19 elephants
  5 black mambas
  Joseph (D:8)
  3 molten gargoyles (Lair:6)
  6 spiny frogs
  12 komodo dragons
  An efreet (Abyss:3)
  3 rime drakes
  5 polar bears
  2 trolls
  A queen bee (Orc:1)
  4 blink frogs
  5 hippogriffs
  Sigmund (D:4)
  5 water elementals
  4 air elementals
  4 wyverns
  18 yaks
  A tarantella (Lair:3)
  A spriggan (D:8)
  A ynoxinul (Abyss:3)
  6 basilisks
  6 fire elementals
  A steam dragon (Lair:6)
  2 chaos spawn
  A small abomination (Abyss:3)
  A warg (Orc:1)
  13 water moccasins
  12 hell hounds
  6 porcupines
  4 orc warriors
  4 sky beasts
  3 black bears
  3 ice beasts
  9 ogres
  9 wolves
  2 centaurs
  6 crocodiles
  A big kobold (D:7)
  8 bullfrogs
  4 earth elementals
  26 killer bees
  A water moccasin skeleton (D:3)
  6 scorpions
  2 vampire bats (Lair:4)
  4 electric eels
  4 howler monkeys
  4 crimson imps
  5 lava snakes (Lair:6)
  4 hounds
  A jelly (D:6)
  4 orc priests
  2 iguanas
  7 worker ants
  30 orc wizards
  2 hound skeletons
  A howler monkey zombie (D:6)
  A worker ant zombie (D:8)
  A gnoll (D:1)
  A howler monkey skeleton (D:5)
  16 adders
  4 shadow imps
  5 oozes
  3 worms
  2 dart slugs (D:1)
  5 leopard geckos
  65 orcs
  4 ball pythons
  6 giant cockroaches
  6 goblins
  8 hobgoblins
  18 jackals
  6 quokkas
  9 bats
  10 frilled lizards
  A jackal skeleton (D:4)
  9 kobolds
  A quokka skeleton (D:5)
  6 rats
  2 bushes (Lair:6)
  A butterfly (Lair:2)
  2 fungi
  A plant (Lair:5)
666 creatures vanquished.

Vanquished Creatures (others)
  A water elemental (Elf:3)
  An orc (D:9)
  9 starspawn tentacles (Abyss:3)
11 creatures vanquished.

Grand Total: 677 creatures vanquished

Notes
Turn   | Place    | Note
-------+----------+-------------------------------------------
     0 | D:1      | kiturien the Minotaur Fighter began the quest for the Orb.
     0 | D:1      | Reached XP level 1. HP: 19/19 MP: 0/0
   297 | D:1      | Reached XP level 2. HP: 26/27 MP: 1/1
   423 | D:1      | Reached skill level 1 in Dodging
   762 | D:1      | Reached XP level 3. HP: 33/33 MP: 2/2
  1088 | D:2      | Reached XP level 4. HP: 40/40 MP: 3/3
  1662 | D:3      | Found a white marble altar of Elyvilon.
  2077 | D:3      | Reached XP level 5. HP: 42/47 MP: 4/4
  2544 | D:4      | Noticed an ogre
  2566 | D:4      | Killed an ogre
  2566 | D:4      | Reached XP level 6. HP: 31/55 MP: 5/5
  2574 | D:4      | Reached skill level 5 in Fighting
  2574 | D:4      | Reached skill level 5 in Armour
  2607 | D:4      | Reached skill level 5 in Shields
  2642 | D:4      | Found a staircase to the Ecumenical Temple.
  2659 | Temple   | Entered the Ecumenical Temple
  2693 | Temple   | Became a worshipper of the Wu Jian Council
  2856 | D:4      | Found Pisch's Armour Shoppe.
  2858 | D:4      | Noticed Sigmund
  2895 | D:4      | Killed Sigmund
  2895 | D:4      | Reached XP level 7. HP: 27/61 MP: 6/6
  2957 | D:4      | Found Zoiriaxi's Weapon Emporium.
  3206 | D:5      | Entered Level 5 of the Dungeon
  3272 | D:5      | Reached skill level 5 in Long Blades
  3319 | D:5      | Reached * piety under Wu Jian
  3529 | D:5      | Reached XP level 8. HP: 70/70 MP: 7/7
  4590 | D:6      | Noticed cirnu's ghost (novice TrMo)
  4626 | D:6      | Killed cirnu's ghost
  4626 | D:6      | Reached skill level 5 in Dodging
  4838 | D:6      | Gained mutation: You have very sharp teeth. [mutagenic meat]
  4839 | D:6      | Gained mutation: Your spells are a little harder to cast, but a little more powerful. [mutagenic meat]
  4840 | D:6      | Gained mutation: Your spells are harder to cast, but more powerful. [mutagenic meat]
  4842 | D:6      | Gained mutation: You are dopey. (Int -2) [mutagenic meat]
  4843 | D:6      | Gained mutation: You are somewhat resistant to further mutation. [mutagenic meat]
  4933 | D:6      | Reached XP level 9. HP: 75/79 MP: 8/8
  5575 | D:7      | Reached ** piety under Wu Jian
  6200 | D:8      | Gained mutation: You can translocate small distances at will. [mutagenic meat]
  6217 | D:8      | Noticed Joseph
  6238 | D:8      | Killed Joseph
  6359 | D:8      | Reached XP level 10. HP: 90/90 MP: 9/9
  6720 | D:8      | Reached *** piety under Wu Jian
  6769 | D:8      | Found a staircase to the Lair.
  7015 | D:9      | Noticed a two-headed ogre
  7053 | D:9      | Killed a two-headed ogre
  7163 | D:9      | Found a white marble altar of Elyvilon.
  7702 | D:10     | Entered Level 10 of the Dungeon
  7894 | D:10     | Found an iron altar of Okawaru.
  7976 | D:10     | Noticed a two-headed ogre
  7977 | D:10     | Noticed Sonja
  8021 | D:10     | Killed a two-headed ogre
  8295 | D:10     | Reached **** piety under Wu Jian
  8363 | D:10     | Got an aquamarine-encrusted scale mail
  8374 | D:10     | Identified the +2 scale mail of Nihilism {rF+ Str+3} (You found it on level 10 of the Dungeon)
  8480 | D:10     | Found an ornate altar of the Wu Jian Council.
  8569 | D:10     | Found a staircase to the Orcish Mines.
  8617 | D:10     | Cast into level 1 of the Abyss (Sonja)
  8623 | Abyss:1  | Lost mutation: You are dopey. (Int -2) [potion of mutation]
  8623 | Abyss:1  | Lost mutation: You can translocate small distances at will. [potion of mutation]
  8623 | Abyss:1  | Gained mutation: You have large cloven feet. [potion of mutation]
  8624 | Abyss:1  | Found a corrupted altar of Lugonu.
  8629 | D:10     | Escaped the Abyss
  8819 | D:11     | Noticed a cyclops
  8823 | D:11     | Noticed a two-headed ogre
  8838 | D:11     | Reached XP level 11. HP: 58/99 MP: 10/10
  8859 | D:11     | Noticed Zeege's ghost (novice MfSk)
  8908 | D:11     | Noticed a two-headed ogre
  8971 | Orc:1    | Entered Level 1 of the Orcish Mines
  8978 | Orc:1    | Found Keihy's Weapon Shoppe.
  9139 | D:7      | You fall through a shaft!
  9304 | D:4      | Bought the +10 long sword "Cosus" {flame, MR+ Str+3} for 752 gold pieces
  9623 | D:10     | Killed Sonja
  9623 | D:10     | Reached skill level 10 in Armour
  9779 | Orc:1    | Reached skill level 10 in Fighting
  9785 | Orc:1    | Reached skill level 10 in Shields
 10083 | Orc:2    | Entered Level 2 of the Orcish Mines
 10105 | Orc:2    | Noticed an orc knight
 10118 | Orc:2    | Killed an orc knight
 10118 | Orc:2    | Noticed an orc sorcerer
 10121 | Orc:2    | Reached skill level 10 in Long Blades
 10131 | Orc:2    | Noticed a sixfirhy
 10132 | Orc:2    | Killed an orc sorcerer
 10407 | Orc:2    | Found a bloodstained altar of Trog.
 10414 | Orc:2    | Found a staircase to the Elven Halls.
 10565 | Orc:2    | Noticed a stone giant
 10571 | Orc:2    | Killed a stone giant
 10672 | Orc:2    | Noticed an orc sorcerer
 10697 | Orc:2    | Noticed an orc sorcerer
 10698 | Orc:2    | Noticed an ogre mage
 10715 | Orc:2    | Killed an orc sorcerer
 10715 | Orc:2    | Reached ***** piety under Wu Jian
 10736 | Orc:2    | Killed an ogre mage
 10761 | Orc:2    | Paralysed by an orc sorcerer for 5 turns
 10768 | Orc:2    | Killed an orc sorcerer
 10793 | Orc:2    | Noticed an orc sorcerer
 10798 | Orc:2    | Noticed an orc sorcerer
 10798 | Orc:2    | Killed an orc sorcerer
 10799 | Orc:2    | Found Duipitz's Antique Weapon Shoppe.
 10800 | Orc:2    | Noticed a soul eater
 10818 | Orc:2    | Noticed a sun demon
 10821 | Orc:2    | Killed an orc sorcerer
 10864 | Orc:2    | Noticed an orc sorcerer
 10867 | Orc:2    | Found Reemeic's Gadget Emporium.
 10867 | Orc:2    | Noticed an orc sorcerer
 10871 | Orc:2    | Paralysed by an orc sorcerer for 2 turns
 10874 | Orc:2    | Killed an orc sorcerer
 10876 | Orc:2    | Killed an orc sorcerer
 10876 | Orc:2    | Reached XP level 12. HP: 84/110 MP: 11/11
 10930 | Orc:2    | Found a radiant altar of Vehumet.
 10935 | Orc:2    | Noticed an ogre mage
 10943 | Orc:2    | Killed an ogre mage
 10994 | Orc:2    | Found an ancient bone altar of Kikubaaqudgha.
 11044 | Orc:2    | Found a roughly hewn altar of Beogh.
 11044 | Orc:2    | Found Efonui's Book Shoppe.
 11045 | Orc:2    | Found Peohipn's Distillery.
 11387 | Lair:1   | Entered Level 1 of the Lair of Beasts
 11507 | Lair:1   | Reached skill level 10 in Dodging
 11735 | Lair:1   | Noticed Gastronok
 11758 | Lair:1   | Killed Gastronok
 12360 | Lair:2   | Found a staircase to the Shoals.
 12746 | Lair:2   | Lost mutation: You are somewhat resistant to further mutation. [potion of mutation]
 12746 | Lair:2   | Gained mutation: Your muscles are strong. (Str +2) [potion of mutation]
 12746 | Lair:2   | Gained mutation: Your flesh is cold resistant. (rC+) [potion of mutation]
 12946 | Lair:2   | Noticed a catoblepas
 12954 | Lair:2   | Killed a catoblepas
 13133 | Lair:3   | Reached XP level 13. HP: 118/118 MP: 12/12
 13404 | Lair:3   | Found a hole to the Spider Nest.
 14584 | Lair:5   | Reached ****** piety under Wu Jian
 15026 | Lair:5   | Found a staircase to the Slime Pits.
 15582 | Lair:6   | Entered Level 6 of the Lair of Beasts
 15601 | Lair:6   | Noticed Rupert
 15610 | Lair:6   | Killed Rupert
 15789 | Lair:6   | Noticed Nessos
 15801 | Lair:6   | Killed Nessos
 16499 | Lair:6   | Reached XP level 14. HP: 129/129 MP: 13/13
 16656 | Lair:6   | Found a large runed door.
 16656 | Lair:6   | Found a large runed door.
 17349 | Elf:1    | Entered Level 1 of the Elven Halls
 18120 | Elf:1    | Noticed Frances
 18131 | Elf:1    | Killed Frances
 18735 | Elf:2    | Found a runed gate.
 18735 | Elf:2    | Found a runed gate.
 18735 | Elf:2    | Found a runed gate.
 18744 | Elf:2    | Got an ancient bardiche
 18789 | Elf:2    | Noticed a deep elf sorcerer
 18795 | Elf:2    | Killed a deep elf sorcerer
 19036 | Elf:2    | Noticed a deep elf blademaster
 19061 | Elf:2    | Upgraded the game from 0.21-a0-471-gd587bd5 to 0.21-a0-476-gd103f4b
 19065 | Elf:2    | Killed a deep elf blademaster
 19128 | Elf:2    | Reached XP level 15. HP: 54/139 MP: 14/14
 19939 | Elf:2    | Identified the +6 bardiche "Cemumom" {chop, +Blink rPois Dex+4} (You found it on level 2 of the Elven Halls)
 20002 | Elf:2    | Found Votie's Elven Fire.
 20632 | Elf:2    | Reached skill level 15 in Armour
 20841 | Elf:3    | Entered Level 3 of the Elven Halls
 20846 | Elf:3    | Reached skill level 15 in Fighting
 21297 | Elf:3    | Found Sonnus's Distillery.
 21299 | Elf:3    | Reached skill level 15 in Shields
 21609 | Elf:3    | Reached skill level 15 in Long Blades
 21666 | Elf:3    | Found Jexeus's Distillery.
 21796 | Elf:3    | Noticed Louise
 21820 | Elf:3    | Killed Louise
 22340 | Elf:3    | Noticed a sphinx
 22352 | Elf:3    | Killed a sphinx
 22359 | Elf:3    | Noticed a sphinx
 22364 | Elf:3    | Reached XP level 16. HP: 109/149 MP: 15/15
 22367 | Elf:3    | Noticed a sphinx
 22368 | Elf:3    | Killed a sphinx
 22386 | Elf:3    | Killed a sphinx
 22389 | Elf:3    | Noticed a sphinx
 22394 | Elf:3    | Killed a sphinx
 22832 | Elf:3    | Found Tafuikut's Distillery.
 22849 | Elf:3    | Noticed Jorgrun
 22857 | Elf:3    | Killed Jorgrun
 22909 | Elf:3    | Noticed a deep elf blademaster
 22945 | Elf:3    | Cast into level 3 of the Abyss (a deep elf sorcerer)
 22963 | Abyss:3  | Found a corrupted altar of Lugonu.
 22997 | Abyss:3  | Noticed a tentacled starspawn
 23085 | Abyss:3  | Noticed a lich
 23106 | Abyss:3  | Killed a lich
 23123 | Abyss:3  | Gained mutation: Scrolls take you a little longer to read. [a neqoxec]
 23125 | Abyss:3  | Gained mutation: You are very clumsy. (Dex -4) [a neqoxec]
 23138 | Elf:3    | Escaped the Abyss
 23147 | Elf:3    | Killed a deep elf blademaster
 23591 | Elf:3    | Noticed a deep elf master archer
 23594 | Elf:3    | Killed a deep elf master archer
 23595 | Elf:3    | Noticed a deep elf master archer
 23604 | Elf:3    | Killed a deep elf master archer
 23914 | Elf:3    | Noticed a deep elf blademaster
 23932 | Elf:3    | Killed a deep elf blademaster
 23937 | Elf:3    | Cast into level 3 of the Abyss (a deep elf demonologist)
 23948 | Elf:3    | Escaped the Abyss
 24066 | Elf:3    | Noticed an Ice Fiend
 24434 | Elf:3    | Noticed a deep elf master archer
 24462 | Elf:3    | Shot with an arrow by something

Vault maps used:
D:1:      lightli_arrival_quake
D:2:      kennysheep_nondescript, minivault_11
D:3:      elyvilon_altar_4
D:4:      minmay_temple_entry_junction, serial_shops, shop, shop, first_bread,
          uniq_sigmund
D:5:      kennysheep_diamond
D:7:      hangedman_decor_growths
D:8:      lair_entry_dummy, minmay_holes, the_bakery, uniq_joseph
D:9:      nicolae_overflow_hidden_temple, columned_hall_lemuel
D:10:     orc_0_dummy, basic_altar, okawaru_metal_pillars_1_2, uniq_sonja
D:11:     serial_shops, nicolae_shop_waterfront
Temple:   minmay_crystal_snake_temple
Lair:1:   beast_lair_carwin_large_2, grunt_megastairs_3,
          infiniplex_staircase_pool_2, uniq_gastronok
Lair:2:   elwin_shoals_entry_rocks, lemuel_fruit_fields, lemuel_fruit_tree,
          grunt_megastairs_4
Lair:3:   spider_nest_entry_rubble, nicolae_quartered_pool_super
Lair:4:   roderic_batcave
Lair:5:   beast_lair_carwin_large_4, dpeg_slime_entry_corner,
          grunt_forest_small_clearings, st_stairs_9, grunt_megastairs_1,
          serial_bayou_shore_a
Lair:6:   cheibrodos_lair_end_hotspot, minmay_lair_oklob_bushes, uniq_nessos,
          uniq_rupert
Orc:1:    serial_shops, shop_fountains, special_room, uniq_snorg
Orc:2:    kennysheep_orc_mage_school, basic_altar, guppyfry_library_mini
Elf:1:    eino_elf_arrival_shootout, minmay_elf_crystal_hexagon, uniq_frances
Elf:2:    minmay_fountain_box, guppyfry_elf_lava
Elf:3:    minmay_elf_hall_circle, serial_shops,
          nicolae_shop_temple_entry_statues_fountains, nicolae_shop_crystal,
          shop, special_room, uniq_jorgrun, uniq_louise
Abyss:3:  evilmike_abyss_exit_15, evilmike_nicolae_abyss_rune_containment_curve,
          minivault_13, nicolae_abyss_rune_star_stuff, minivault_24

Skill      XL: |  1  2  3  4  5  6  7  8  9 10 11 12 13 14 15 16 |
---------------+-------------------------------------------------+-----
Dodging        | 1 2 3 4 5 6 8 9 10 11 13 14 | 14.5
Armour         | 4 5 6 7 8 9 11 12 13 14 15 16 | 16.0
Shields        | 4 5 6 7 8 9 11 12 13 14 15 16 | 16.6
Fighting       | 4 5 6 7 8 9 11 12 13 14 15 16 | 16.5
Long Blades    | 3 4 5 6 8 9 10 11 13 14 15 | 15.9

Action                   |  1- 3 |  4- 6 |  7- 9 | 10-12 | 13-15 | 16-18 || total
-------------------------+-------+-------+-------+-------+-------+-------++-------
Melee: Long sword        |    61 |   156 |   391 |   540 |   758 |   224 ||  2130
       Headbutt          |     5 |    31 |    75 |   136 |   237 |    65 ||   549
       Bite              |       |       |    40 |    80 |   138 |    44 ||   302
       Kick              |       |       |       |   128 |   382 |    98 ||   608
Invok: Serpent's Lash    |       |       |       |       |     1 |       ||     1
Evoke: Wand              |       |       |       |       |     1 |       ||     1
  Use: Scroll            |     2 |     6 |     6 |     9 |     5 |       ||    28
       Potion            |       |     3 |     4 |     6 |     1 |     2 ||    16
  Eat: Chunk             |       |     6 |    21 |    20 |    36 |     8 ||    91
       Bread ration      |       |       |       |     1 |       |       ||     1
Armor: Scale mail        |    32 |    66 |   113 |   120 |   139 |    56 ||   526
       Ring mail         |       |       |     5 |       |       |       ||     5
       Plate armour      |       |       |       |    28 |       |       ||    28
Dodge: Dodged            |    19 |    46 |   108 |   214 |   249 |    54 ||   690
Block: Shield            |    27 |   102 |   229 |   378 |   284 |       ||  1020
       Large shield      |       |       |       |       |    25 |   153 ||   178
       Rpst.: Long sword |     4 |    15 |    23 |    49 |    54 |     8 ||   153

Table legend:
 A = Spawn XP
 B = Non-spawn XP
 C = Spawn XP percentage of total XP
 D = Spawn monster count
 E = Non-spawn monster count
 F = Spawn count percentage of total count
 G = Total turns spent on level
                    A         B        C        D         E        F      G
               +---------+---------+-------+---------+---------+-------+---------
         Total |    2357 |  203473 |   1.1 |       6 |     655 |   0.9 | 24462
               +---------+---------+-------+---------+---------+-------+---------
           D:1 |       0 |      56 |   0.0 |       0 |      20 |   0.0 |   864
           D:2 |       0 |      71 |   0.0 |       0 |      24 |   0.0 |   792
           D:3 |       0 |     107 |   0.0 |       0 |      15 |   0.0 |   800
           D:4 |       0 |     653 |   0.0 |       0 |      24 |   0.0 |   598
           D:5 |       0 |     645 |   0.0 |       0 |      33 |   0.0 |  1456
           D:6 |       0 |    1375 |   0.0 |       0 |      13 |   0.0 |   887
           D:7 |       0 |    1147 |   0.0 |       0 |      28 |   0.0 |   734
           D:8 |       0 |    1984 |   0.0 |       0 |      30 |   0.0 |  1109
           D:9 |       0 |    1909 |   0.0 |       0 |      24 |   0.0 |   882
          D:10 |       0 |    3727 |   0.0 |       0 |      31 |   0.0 |  1478
          D:11 |       0 |     279 |   0.0 |       0 |       6 |   0.0 |    90
        Lair:1 |       0 |    8552 |   0.0 |       0 |      27 |   0.0 |   852
        Lair:2 |       0 |    4948 |   0.0 |       0 |      20 |   0.0 |   932
        Lair:3 |       0 |    4363 |   0.0 |       0 |      18 |   0.0 |   734
        Lair:4 |       0 |    2408 |   0.0 |       0 |      14 |   0.0 |   717
        Lair:5 |       0 |    9197 |   0.0 |       0 |      24 |   0.0 |  1038
        Lair:6 |       0 |   18109 |   0.0 |       0 |      50 |   0.0 |  1501
         Orc:1 |       0 |    2083 |   0.0 |       0 |      30 |   0.0 |   461
         Orc:2 |       0 |   10267 |   0.0 |       0 |      58 |   0.0 |  1224
         Elf:1 |       0 |   16547 |   0.0 |       0 |      28 |   0.0 |  1297
         Elf:2 |       0 |   42185 |   0.0 |       0 |      60 |   0.0 |  2881
         Elf:3 |       0 |   69235 |   0.0 |       0 |      74 |   0.0 |  2731
       Abyss:3 |    2357 |    3626 |  39.4 |       6 |       4 |  60.0 |   204
               +---------+---------+-------+---------+---------+-------+---------
